 Dungeon Crawl Stone Soup version 0.18.1-48-g4cf74bf (webtiles) character file.

6041 rjaguar3 the Geomancer (level 10, -8/58 HPs)
             Began as a Gargoyle Earth Elementalist on Aug 25, 2016.
             Was a Priest of Vehumet.
             Mangled by an ice devil (9 damage)
             ... in an ice cave.
             The game lasted 01:23:01 (13394 turns).

rjaguar3 the Geomancer (GrEE)                      Turns: 13394, Time: 01:23:02

Health: -8/58      AC: 13    Str: 12    XL:     10   Next: 86%
Magic:  20/38      EV:  8    Int: 19    God:    Vehumet [***...]
Gold:   307        SH:  0    Dex: 12    Spells: 3 memorised, 18 levels left

rFire  + . .     SeeInvis +     y - staff of power
rCold  + . .     Gourm    .     C - +2 robe {rN+}
rNeg   + + .     Faith    .     (no shield)
rPois  ∞         Spirit   .     (no helmet)
rElec  +         Dismiss  .     u - +0 cloak
rCorr  .         Reflect  .     m - +0 pair of gloves
SustAt .         Harm     .     (no boots)
MR     .....                    (no amulet)
Stlth  ++........               x - ring of see invisible
                                p - ring of protection from cold

@: not resistant to hostile enchantments, unstealthy
A: agile 1, fire resistance 1, negative energy resistance 1, screaming 1,
electricity resistance, unbreathing, petrification resistance, rot immunity, AC
+7
a: Renounce Religion


You were in an ice cave.
You worshipped Vehumet.
Vehumet was most pleased with you.
You were not hungry.

You visited 3 branches of the dungeon, and saw 11 of its levels.
You also visited: Ice Cave.

You collected 307 gold pieces.

Inventory:

Hand Weapons
 h - a +1 mace of protection
 i - a +1 short sword of protection
 B - a +2 whip of electrocution
 N - a +1 dire flail
Missiles
 b - 147 stones (quivered)
Armour
 m - a +0 pair of gloves (worn)
 u - a +0 cloak (worn)
 C - a +2 robe of positive energy (worn)
 E - the +5 ring mail of Hepo {rCorr Str+5, unknown}
   (You found it on level 6 of the Dungeon)

   It affects your strength (+5).
   It protects you from acid and corrosion.
Magical Staves
 y - an uncursed staff of power (weapon)
Jewellery
 p - a ring of protection from cold (left hand)
 x - a ring of see invisible (right hand)
 H - a +3 ring of dexterity
Wands
 J - a wand of confusion (22/48)
Scrolls
 a - a scroll of fear
 f - a scroll of random uselessness {unknown}
 g - a scroll of blinking {unknown}
 j - 4 scrolls of teleportation
 n - a scroll of magic mapping
 r - 2 scrolls of noise {unknown}
 t - 2 scrolls of remove curse
 w - 4 scrolls of identify
 I - a scroll of recharging {unknown}
 K - 2 scrolls of vulnerability
Potions
 e - a potion of resistance
 k - 2 potions of brilliance
 o - 2 potions of mutation
 q - a potion of flight {unknown}
 s - a potion of invisibility {unknown}
 v - a potion of ambrosia {unknown}
 z - a potion of lignification {unknown}
 A - a potion of might {unknown}
 D - a potion of haste {unknown}
 F - a potion of degeneration {unknown}
Books
 c - a book of Geomancy

   Spells                             Type                      Level
   a - Sandblast                      Earth                        1
   b - Passwall                       Transmutation/Earth          2
   c - Stone Arrow                    Conjuration/Earth            3
   d - Petrify                        Transmutation/Earth          4
   e - Lee's Rapid Deconstruction     Earth                        5
Comestibles
 d - 6 bread rations
 l - 2 meat rations
 G - 2 fruits
 L - 2 chunks of flesh
 M - a beef jerky


   Skills:
 + Level 4.4 Fighting
 + Level 4.0 Maces & Flails
 + Level 5.0 Armour
 + Level 3.8 Dodging
 - Level 2.1 Stealth
 * Level 9.0 Spellcasting
 + Level 6.1 Conjurations
   Level 0.7 Transmutations
 + Level 9.7 Earth Magic


You had 18 spell levels left.
You knew the following spells:

 Your Spells              Type           Power        Failure   Level  Hunger
a - Sandblast             Erth           #####.       1%          1    None
b - Stone Arrow           Conj/Erth      #####.       1%          3    None
c - Lee's Rapid Deconstr  Erth           #####.....   1%          5    #####..


Dungeon Overview and Level Annotations

Branches:
Dungeon (9/15)             Temple (1/1) D:4             Orc (1/2) D:9
   Lair: D:8-11

Altars:
Ashenzari
Cheibriados
Dithmenos
Elyvilon
Fedhas
Gozag
Kikubaaqudgha
Makhleb
Nemelex Xobeh
Okawaru
Pakellas
Qazlal
Ru
Sif Muna
Trog
Vehumet
Xom
Yredelemnul
The Shining One
Beogh

Annotations:
D:4 Eustachio
D:6 Dowan
D:8 Maurice


Innate Abilities, Weirdness & Mutations

You are resistant to torment.
Your stone body is resilient (AC +7).
You are immune to poison.
You resist negative energy.
You are resistant to electric shocks.
You can survive without breathing.
You are immune to petrification.
You are immune to rotting.
You are agile. (Dex +2)
Your flesh is heat resistant.
You occasionally shout uncontrollably at your foes.


Message History

Aim: an ice devil The stone arrow misses the ice devil.
The stone arrow hits the ice devil.
The ice devil is moderately wounded.
The ice devil hits you! The ice devil freezes you! You resist.
The ice devil closely misses you.
The ice devil hits you but does no damage.
Casting: Stone Arrow
Confirm with . or Enter, or press ? or * to list all spells.
Aiming: Stone Arrow
Press: ? - help, Shift-Dir - straight line, f - ice devil, p - ice devil
Aim: an ice devil (severely wounded)
The stone arrow misses the ice devil.
The ice devil hits you! The ice devil freezes you. You resist.
The ice devil hits you. The ice devil freezes you! You resist.
* * * LOW HITPOINT WARNING * * *
There is an ice covered gate leading back out of this place here.
The ice devil hits you!
* * * LOW HITPOINT WARNING * * *
The ice devil freezes you! You resist.
You die...

#####
##...##
##.....##
#...∩...#
#...@...#
##..444##
##.4.##
##.4.#
#...##
#...##
##...#
#...#
.....#


You could see 5 ice devils.

Vanquished Creatures
  A hill giant (D:8)
  Pikel (D:6)
  A wyvern (D:8)
  A yak (D:8)
  2 hippogriffs
  2 slaves (D:6)
  4 ice beasts
  3 sky beasts
  4 orc warriors
  2 phantoms
  A centaur (D:6)
  5 ogres
  5 giant frogs
  3 scorpions
  11 wights
  5 crimson imps
  2 jellies
  2 quasits
  4 hounds
  19 orc wizards
  2 gnoll shamans
  6 orc priests
  2 giant frog skeletons (D:6)
  3 centaur skeletons
  7 worker ants
  2 iguanas
  A killer bee zombie (D:6)
  A worker ant zombie (D:7)
  7 gnolls
  A howler monkey skeleton (D:6)
  12 adders
  3 shadow imps
  3 oozes
  4 adder zombies
  A worm (D:2)
  7 giant geckos
  39 orcs
  2 ball pythons
  6 giant cockroaches
  4 hobgoblins
  17 jackals
  7 kobolds
  7 quokkas
  8 bats
  11 giant newts
  6 goblins
  A quokka zombie (D:6)
  7 rats
255 creatures vanquished.

Vanquished Creatures (others)
  2 slaves (D:6)
  A wyvern zombie (D:6)
  A hound (D:6)
4 creatures vanquished.

Grand Total: 259 creatures vanquished

Notes
Turn   | Place    | Note
--------------------------------------------------------------
     0 | D:1      | rjaguar3 the Gargoyle Earth Elementalist began the quest for the Orb.
     0 | D:1      | Reached XP level 1. HP: 10/10 MP: 3/3
   475 | D:1      | Reached XP level 2. HP: 15/15 MP: 3/5
  1286 | D:1      | Reached XP level 3. HP: 19/19 MP: 3/6
  1467 | D:2      | Found an ancient bone altar of Kikubaaqudgha.
  1563 | D:2      | Found a stormy altar of Qazlal.
  1576 | D:2      | Found a shattered altar of Ashenzari.
  1587 | D:2      | Found a sacrificial altar of Ru.
  1883 | D:2      | Reached XP level 4. HP: 24/24 MP: 5/8
  2076 | D:2      | Reached skill level 5 in Earth Magic
  2831 | D:3      | Found a faded altar to an unknown god.
  3326 | D:3      | Reached XP level 5. HP: 14/28 MP: 6/10
  3817 | D:4      | Reached XP level 6. HP: 32/32 MP: 8/12
  4024 | D:4      | Found a shadowy altar of Dithmenos.
  4096 | D:4      | Learned a level 3 spell: Stone Arrow
  4117 | D:4      | Reached skill level 5 in Spellcasting
  4315 | D:4      | Found a staircase to the Ecumenical Temple.
  4366 | D:4      | Reached skill level 1 in Conjurations
  4368 | D:4      | Reached XP level 7. HP: 28/36 MP: 1/14
  4438 | Temple   | Entered the Ecumenical Temple
  4597 | Temple   | Became a worshipper of Vehumet
  4702 | D:4      | Noticed Eustachio
  5143 | D:3      | Learned a level 5 spell: Lee's Rapid Deconstruction
  5290 | D:5      | Entered Level 5 of the Dungeon
  6185 | D:5      | Reached XP level 8. HP: 39/41 MP: 11/17
  6756 | D:6      | Reached * piety under Vehumet
  6756 | D:6      | Offered knowledge of Freeze by Vehumet.
  7717 | D:6      | Noticed Dowan
  7837 | D:6      | Noticed Pikel
  7845 | D:6      | Killed Pikel
  7845 | D:6      | Reached skill level 1 in Fighting
  7845 | D:6      | Reached skill level 1 in Maces & Flails
  7845 | D:6      | Reached skill level 1 in Armour
  7845 | D:6      | Reached XP level 9. HP: 48/48 MP: 4/20
  7971 | D:6      | Gained mutation: You occasionally shout uncontrollably at your foes. [potion of mutation]
  7971 | D:6      | Gained mutation: You are agile. (Dex +2) [potion of mutation]
  7971 | D:6      | Gained mutation: Your flesh is heat resistant. [potion of mutation]
  8792 | D:6      | Offered knowledge of Shock by Vehumet.
  9130 | D:6      | Reached skill level 5 in Conjurations
  9347 | D:6      | Got an ichor-stained ring mail
  9425 | D:6      | Reached ** piety under Vehumet
 10356 | D:7      | Reached XP level 10. HP: 56/56 MP: 8/22
 10551 | D:7      | Found a burning altar of Makhleb.
 10554 | D:7      | Found a deep blue altar of Sif Muna.
 11257 | D:8      | Offered knowledge of Static Discharge by Vehumet.
 11606 | D:8      | Noticed Maurice
 11637 | D:8      | Noticed a hill giant
 11655 | D:9      | Reached *** piety under Vehumet
 11712 | D:8      | Killed a hill giant
 12590 | D:8      | Offered knowledge of Airstrike by Vehumet.
 12920 | D:9      | Reached skill level 5 in Armour
 13145 | D:9      | Found a staircase to the Orcish Mines.
 13155 | D:9      | Found a roughly hewn altar of Beogh.
 13155 | D:9      | Noticed a cyclops
 13165 | Orc:1    | Entered Level 1 of the Orcish Mines
 13219 | Orc:1    | Found a frozen archway.
 13240 | IceCv    | Entered an ice cave
 13394 | IceCv    | HP: 1/58 [ice devil (8)]
 13394 | IceCv    | Mangled by an ice devil

Skill      XL: |  1  2  3  4  5  6  7  8  9 10 |
---------------+-------------------------------+-----
Earth Magic    | 4 5 6 7 8 9 |  9.7
Spellcasting   | 3 4 5 6 7 8 9 |  9.0
Conjurations   | 1 3 4 5 6 |  6.1
Fighting       | 1 3 4 |  4.4
Maces & Flails | 1 3 4 |  4.0
Armour         | 1 3 5 |  5.0
Dodging        | 2 3 |  3.8
Stealth        | |  2.1
Transmutations | |  0.7

Action                   |  1- 3 |  4- 6 |  7- 9 | 10-12 || total
-------------------------+-------+-------+-------+-------++-------
Melee: Club              |     9 |       |       |       ||     9
       Short sword       |       |    20 |     1 |       ||    21
       Whip              |       |       |     6 |    11 ||    17
 Cast: Sandblast         |    67 |   129 |   198 |    25 ||   419
       Stone Arrow       |       |     3 |   100 |   130 ||   233
  Use: Potion            |       |       |     4 |       ||     4
       Scroll            |       |       |       |     6 ||     6
  Eat: Chunk             |     4 |     7 |    13 |    10 ||    34
       Beef jerky        |       |       |     1 |       ||     1
       Bread ration      |       |       |     1 |       ||     1
Armor: Robe              |    21 |    30 |    90 |    33 ||   174
Dodge: Dodged            |    30 |    43 |   120 |    40 ||   233
